 Dungeon Crawl Stone Soup version 0.29.1-2-gbd0b4ee654 (webtiles) character file.

Game seed: 6249162096985744432

322 kingsuperguy the Covert (level 6, 0/32 HPs)
             Began as a Spriggan Delver on Nov 14, 2022.
             Was a Believer of Lugonu.
             Killed from afar by Natasha (10 damage)
             ... with a magic dart
             ... on level 3 of the Dungeon.
             The game lasted 00:25:16 (6102 turns).

kingsuperguy the Covert (Spriggan Delver)           Turns: 6102, Time: 00:25:17

Health: 0/32       AC:  2    Str:  8    XL:     6   Next: 22%
Magic:  10/10      EV: 18    Int: 12    God:    Lugonu [**....]
Gold:   154        SH:  0    Dex: 18    Spells: 6/9 levels left

rFire   + . .      SeeInvis +   h - +0 dagger (venom)
rCold   x . .      Faith    .   (no shield)
rNeg    . . .      Spirit   .   b - +0 robe
rPois   .          Reflect  .   (helmet restricted)
rElec   .          Harm     .   (no cloak)
rCorr   .          Rampage  .   (gloves unavailable)
Will    +....                   (boots unavailable)
Stlth   ++++......              (no amulet)
HPRegen 0.10/turn               p - ring of wizardry
MPRegen 0.12/turn               i - ring of fire {mn1}

@: slowed, quick
A: very small, no large weapons, unfitting armour, see invisible, speed 3
a: Renounce Religion, Depart the Abyss, Bend Space


You were on level 3 of the Dungeon.
You worshipped Lugonu.
Lugonu was pleased with you.
You visited 1 branch of the dungeon, and saw 5 of its levels.

You collected 154 gold pieces.

Inventory:

Hand Weapons
 a - a +0 short sword
 h - a +0 dagger of venom (weapon)
 j - a +0 sling
 q - a +0 sling
 x - a +0 short sword of draining
 H - a +1 vampiric dagger
Missiles
 l - 2 boomerangs (quivered)
 n - 3 poisoned darts
 I - 5 stones
Armour
 b - a +0 robe (worn)
 F - a +0 animal skin
Jewellery
 i - a ring of fire (right hand) {mn1}
 p - a ring of wizardry (left hand)
 v - a ring of flight
Wands
 g - a wand of digging (3)
Scrolls
 c - a scroll of fog
 d - 2 scrolls of magic mapping
 e - a scroll of fear
 k - 3 scrolls of identify {unknown}
 m - 2 scrolls of teleportation
 o - a scroll of amnesia {unknown}
 r - a scroll of enchant armour {unknown}
 s - a scroll of vulnerability {unknown}
 t - a scroll of enchant weapon {unknown}
 w - a scroll of noise {unknown}
 y - a scroll of poison
 D - a scroll of immolation {unknown}
Potions
 u - a potion of brilliance
 z - a potion of flight {unknown}
 A - a potion of ambrosia {unknown}
 B - a potion of resistance {unknown}
 C - 2 potions of attraction {unknown}
 E - a potion of degeneration {unknown}
 G - a potion of lignification {unknown}


   Skills:
 + Level 2.7 Fighting
 + Level 3.3 Short Blades
 + Level 1.5 Throwing
 + Level 3.8 Dodging
 + Level 9.3 Stealth
 * Level 2.1 Spellcasting
 * Level 1.2 Hexes
 * Level 2.1 Translocations
 - Level 1.1 Evocations


You had 6 spell levels left.
You knew the following spells:

 Your Spells              Type           Power      Damage    Failure   Level
a - Gell's Gravitas       Tloc           6%         N/A       13%         3

Your spell library contained the following spells:

 Spells                   Type           Power      Damage    Failure   Level
 Teleport Other           Tloc           6%         N/A       13%         3
 Dazzling Flash           Conj/Hex       4%         N/A       26%         3
 Ozocubu's Armour         Ice            1%         N/A       32%         3
 Iskenderun's Mystic Bla  Conj/Tloc      3%         2d3       52%         4
 Animate Dead             Necr           1%         N/A       69%         4
 Dispersal                Tloc           3%         N/A       99%         6
 Starburst                Conj/Fire      0%         6d3       100%        6
 Haunt                    Necr/Summ      0%         N/A       100%        7
 Ozocubu's Refrigeration  Ice            0%         4d7       100%        7
 Infestation              Necr           0%         N/A       100%        8


Dungeon Overview and Level Annotations

Branches:
Dungeon (5/15)
 Temple: D:4-7

Altars:
Lugonu

Shops:
D:3 :

Annotations:
D:3 Natasha


Innate Abilities, Weirdness & Mutations

You are very small and have problems with some larger weapons.
You are too small for most types of armour.
You have supernaturally acute eyesight. (SInv)
You cover ground extremely quickly. (Speed+++)


Message History

Throw: 2 boomerangs
Press: ? - help, Q - select action, (/) - cycle Shift-Dir - straight line, f/p - Natasha
Aim: Natasha (55% to hit)
You throw a boomerang. The boomerang hits Natasha.
Natasha is lightly wounded.
You closely miss Natasha.
Natasha is lightly wounded.
Natasha barely misses you.
You miss Natasha.
Natasha is lightly wounded.
Natasha closely misses you.
You miss Natasha.
Natasha is lightly wounded.
You hit Natasha but do no damage.
Natasha is poisoned.
Natasha is lightly wounded.
Natasha claws you.
You hit Natasha but do no damage.
Natasha is lightly wounded.
Natasha closely misses you.
You hit Natasha but do no damage.
Natasha is lightly wounded.
Natasha claws you.
Natasha stares at you and mumbles some strange words.
You resist with almost no effort.
Throw: 2 boomerangs
Press: ? - help, Q - select action, (/) - cycle Shift-Dir - straight line, f/p - Natasha
Aim: Natasha (heavily wounded, poisoned, 55% to hit)
You throw a boomerang. The boomerang hits Natasha.
Natasha is heavily wounded.
Natasha claws you!
You closely miss Natasha.
Natasha is heavily wounded.
Natasha stares at you and mumbles some strange words.
You feel yourself slow down. Natasha casts a spell at you.
The magic dart hits you.
* * * LOW HITPOINT WARNING * * *
Natasha casts a spell at you. The magic dart hits you!
You die...

#.##......# #.###.....#
###.# #.....#
###...###.....#
#......#......# .#
###...........###
.####........####.##
.#....##.....###...#
.........#..##..@..#
##.###.........##..#
##.# #......h####..###
...# #....[..#.......##
.## #.##.#...........#
..####.##.##...........#
.....>.<..##...........#
........####...........#
........# #..........##


You could see Natasha.

Vanquished Creatures
  A black bear (D:4)
  An orc wizard (D:3)
  Natasha (twice) (D:3)
  Robin (D:3)
  4 adders
  3 gnolls (D:2)
  2 worms
  A dart slug (D:5)
  5 orcs
  6 endoplasms
  3 giant cockroaches
  15 goblins
  7 hobgoblins
  4 jackals (D:2)
  3 quokkas
  4 ball pythons
  3 bats
  A frilled lizard (D:2)
  2 kobolds
  6 rats
74 creatures vanquished.

Notes
Turn   | Place    | Note
-------+----------+-------------------------------------------
     0 | D:5      | kingsuperguy the Spriggan Delver began the quest for the
                  | Orb.
     0 | D:5      | Reached XP level 1. HP: 11/11 MP: 2/2
   130 | D:5      | Noticed an iguana
   135 | D:5      | Noticed an iguana
   212 | D:4      | Reached XP level 2. HP: 16/16 MP: 3/3
   507 | D:2      | Reached skill level 8 in Stealth
  1088 | D:1      | Reached XP level 3. HP: 19/19 MP: 4/4
  1882 | D:2      | Reached skill level 1 in Spellcasting
  1884 | D:2      | Reached XP level 4. HP: 23/23 MP: 4/6
  2222 | D:2      | Found a faded altar of an unknown god.
  2222 | D:2      | Noticed a shadow demon
  2232 | D:2      | Prayed at the altar of an unknown god.
  2232 | D:2      | Became a worshipper of Lugonu the Unformed
  2232 | D:2      | Reached * piety under Lugonu
  2232 | D:2      | Reached ** piety under Lugonu
  2246 | D:2      | You fall into a shaft and drop 2 floors!
  2347 | D:4      | Noticed an ogre
  2629 | D:4      | Reached skill level 1 in Evocations
  2700 | D:4      | Noticed a black bear
  2706 | D:3      | Noticed Robin
  3051 | D:3      | Learned a level 3 spell: Gell's Gravitas
  4523 | D:3      | Killed Robin
  4524 | D:3      | Reached skill level 9 in Stealth
  4613 | D:3      | Noticed Natasha
  4647 | D:4      | Reached XP level 5. HP: 9/27 MP: 6/8
  4899 | D:2      | Reached skill level 1 in Translocations
  5197 | D:3      | Found Poxzoss's Book Shop.
  5406 | D:4      | Killed a black bear
  5407 | D:4      | Reached skill level 1 in Throwing
  5407 | D:4      | Reached skill level 1 in Hexes
  5647 | D:3      | Killed Natasha
  5648 | D:3      | Reached XP level 6. HP: 15/32 MP: 9/9
  5869 | D:3      | Noticed Natasha
  5887 | D:3      | Killed Natasha
  5892 | D:3      | Noticed Natasha
  6102 | D:3      | Killed from afar by Natasha

Illustrated notes

Levels and vault maps discovered:
D:1:      heliophobic_arrival_henge, layout_basic, serial_forest,
          infiniplex_forest_clump_medium, infiniplex_forest_lined_room_2,
          infiniplex_forest_straight_1, infiniplex_forest_end_1
D:2:      layout_loops_corners, dreamdust_ecumenical_altar_sealed_demon,
          corexii_hall_statues_u
D:3:      layout_rooms, serial_shops, shop_coins, uniq_robin, uniq_natasha
D:4:      minmay_chambers_of_twos, layout_gridville,
          hangedman_abyss_or_decor_lesser_grid
D:5:      layout_loops_ring, general_overflow_altar,
          chequers_temple_overflow_minitemple, serial_shops,
          nicolae_lakefront_shop, uniq_grinder, uniq_prince_ribbit1

Skill      XL: |  1  2  3  4  5  6 |
---------------+-------------------+-----
Stealth        | 8 9 |  9.3
Dodging        | 3 |  3.8
Spellcasting   | 1 2 |  2.1
Evocations     | 1 |  1.1
Short Blades   | 3 |  3.3
Translocations | 1 2 |  2.1
Throwing       | 1 |  1.5
Hexes          | 1 |  1.2
Fighting       | |  2.7

Action                   |  1- 3 |  4- 6 || total
-------------------------+-------+-------++-------
Melee: Short sword       |    87 |    73 ||   160
       Punch             |     1 |     2 ||     3
       Dagger            |       |    70 ||    70
Throw: Stone             |       |    30 ||    30
       Boomerang         |       |    27 ||    27
  Use: Potion            |       |     5 ||     5
       Scroll            |       |     3 ||     3
 Stab: Sleeping          |    17 |     4 ||    21
Armor: Robe              |    10 |    12 ||    22
Dodge: Dodged            |   107 |   131 ||   238
